 Dungeon Crawl Stone Soup version bcrawl-1.13.2 (webtiles) character file.

Game seed: 10430270330065228912

256 Chiseanne the Skirmisher (level 5, -9/51 HPs)
             Began as a Demonspawn Archaeologist on Aug 12, 2019.
             Killed by nerve-wracking pain
             ... invoked by Grinder
              (13 damage)
             ... on level 3 of the Dungeon.
             The game lasted 00:06:32 (2824 turns).

Chiseanne the Skirmisher (Demonspawn Archaeologist) Turns: 2824, Time: 00:06:32

Health: -9/51      AC: 13    Str: 14    XL:     5   Next: 92%
Magic:  0/5        EV: 11    Int: 15    God:
Gold:   127        SH:  0    Dex: 13    Spells: 4/4 levels left

rFire    . . .     SeeInvis .   k - +0 short sword
rCold    . . .     Gourm    .   (no shield)
rNeg     . . .     Faith    .   n - +0 ring mail (curse)
rPois    .         Spirit   +   c - +1 hat
rElec    .         Reflect  .   (no cloak)
rCorr    .         Harm     .   s - +2 pair of gloves {Str+3}
MR       .....                  d - +1 pair of boots
Stlth    ++........             (no amulet)
HPRegen  0.17/turn              (no ring)
MPRegen  0.09/turn              (no ring)

@: studying Fighting
A: rugged brown scales 2, magic shield
a: no special abilities


You were on level 3 of the Dungeon.
You were hungry.

You visited 1 branch of the dungeon, and saw 3 of its levels.

You collected 127 gold pieces.

Inventory:

Hand Weapons
 k - a +0 short sword (weapon)
 t - a +1 mace of protection
Missiles
 a - 357 arrows
 m - 119 javelins of penetration (quivered)
Armour
 c - a +1 hat (worn)
 d - a +1 pair of boots (worn)
 n - a cursed +0 ring mail (worn)
 s - a +2 pair of gloves of strength (worn)
Scrolls
 b - a scroll of noise {unknown}
 h - a scroll of magic mapping
 i - a scroll of immolation {unknown}
 j - a scroll of remove curse {unknown}
 l - a scroll of amnesia
 o - a scroll of teleportation
Books
 e - a manual of Fighting
Miscellaneous
 f - an ancient crate
Comestibles
 g - 4 rations {!d}
 p - 10 chunks of flesh


   Skills:
 + Level 7.7 Fighting
 - Level 0.8 Maces & Flails
 - Level 2.6 Dodging
 - Level 3.0 Stealth


You had 4 spell levels left.
You didn't know any spells.
Your spell library was empty.

Dungeon Overview and Level Annotations

Branches:
Dungeon (3/12)

Altars:

Annotations:
D:3 Grinder


Innate Abilities, Weirdness & Mutations

You are mostly covered in rugged brown scales. (AC +2, +5% HP)
When hurt, damage is shared between your health and your magic reserves.


Message History

* * * LOW HITPOINT WARNING * * *
You barely miss Grinder.
Grinder is almost dead.
Grinder hits you but does no damage.
You closely miss Grinder.
Grinder is almost dead.
You hit Grinder but do no damage.
Grinder is almost dead.
Grinder hits you.
* * * LOW HITPOINT WARNING * * *
You writhe in agony.
* * * LOW HITPOINT WARNING * * *
You aren't carrying any potions.
Unknown command.
You are feeling hungry.
You barely miss Grinder.
Grinder is almost dead.
Grinder gestures at you. Pain shoots through your body!
You die...

### ##.##
##.#.##
##)###.####
####.####.##
##)..#
#.....5@.##
#...#
#.##.##.#.##
##..5#
##.##.###.#.##
.......#....#
##.##.#)....#
#.##.#..#.## #
#.....5.#.#
#.#####.##.#.#
#.#.....##.#.#


You could see Grinder.

Vanquished Creatures
  An orc priest (D:3)
  2 orc wizards (D:2)
  A centaur skeleton (D:2)
  Terence (D:2)
  Jessica (D:3)
  3 adders
  3 oozes
  A worm (D:2)
  4 leopard geckos
  4 orcs
  5 bats
  A giant cockroach (D:2)
  6 hobgoblins
  A quokka (D:3)
  6 frilled lizards
  7 kobolds
  4 rats
51 creatures vanquished.

Notes
Turn   | Place    | Note
-------+----------+-------------------------------------------
     0 | D:1      | Chiseanne the Demonspawn Archaeologist began the quest for
                  | the Orb.
     0 | D:1      | Reached XP level 1. HP: 15/15 MP: 1/1
   264 | D:1      | Reached skill level 2 in Fighting
   282 | D:1      | Gained mutation: You are partially covered in rugged brown
                  | scales. (AC +1, +3% HP) [demonic ancestry]
   282 | D:1      | Reached XP level 2. HP: 14/22 MP: 2/2
  1012 | D:2      | Reached skill level 3 in Fighting
  1012 | D:2      | Reached XP level 3. HP: 8/29 MP: 3/3
  1014 | D:2      | HP: 1/29 [worm (8)]
  1060 | D:2      | Noticed Terence
  1307 | D:2      | Killed Terence
  1307 | D:2      | Reached skill level 4 in Fighting
  1307 | D:2      | Gained mutation: When hurt, damage is shared between your
                  | health and your magic reserves. [demonic ancestry]
  1307 | D:2      | Reached XP level 4. HP: 26/39 MP: 4/4
  1659 | D:2      | Reached skill level 5 in Fighting
  1999 | D:2      | Reached skill level 6 in Fighting
  1999 | D:2      | Gained mutation: You are mostly covered in rugged brown
                  | scales. (AC +2, +5% HP) [demonic ancestry]
  1999 | D:2      | Reached XP level 5. HP: 35/48 MP: 5/5
  2389 | D:3      | Noticed Jessica
  2416 | D:3      | Killed Jessica
  2416 | D:3      | Reached skill level 7 in Fighting
  2547 | D:3      | Noticed Grinder
  2694 | D:3      | HP: 2/50 [orc priest/+0 whip (1)]
  2824 | D:3      | Killed from afar by Grinder

Skill      XL: |  1  2  3  4  5 |
---------------+----------------+-----
Fighting       | 2 3 4 6 7 |  7.7
Maces & Flails | |  0.8
Dodging        | |  2.6
Stealth        | |  3.0

Action                   |  1- 3 |  4- 6 || total
-------------------------+-------+-------++-------
Melee: Short sword       |   105 |   158 ||   263
       Whip              |     5 |       ||     5
Throw: Javelin           |    11 |     7 ||    18
       Stone             |     1 |       ||     1
Evoke: Wand              |       |    10 ||    10
  Use: Scroll            |     5 |     1 ||     6
       Potion            |     1 |     2 ||     3
 Stab: Sleeping          |     1 |     3 ||     4
  Eat: Chunk             |     1 |     5 ||     6
Armor: Robe              |    27 |       ||    27
       Ring mail         |    24 |    67 ||    91
Dodge: Dodged            |    78 |    90 ||   168
